PL
FT. WORTH CATTLEMEN @ BUFFALO WHITE WALKERS
06/28/2041
 
TOP OF THE 1ST
Ft. Worth Cattlemen batting - Pitching for Buffalo White Walkers : RHP Kent Good
Pitching: RHP Kent Good
Batting: RHB Dennis Wacher 0-0: Ball
1-0: Ball
2-0: Ball
3-0: Called Strike
3-1: Called Strike
3-2: Foul Ball, location: 2F
3-2: Fly out, F8 (Flyball, 8RS, EV 78.1 MPH)
Batting: LHB Semo Hoaloha 0-0: Called Strike
0-1: Foul Ball, location: 2F
0-2: Ball
1-2: Foul Ball, location: 2F
1-2: Ball
2-2: Foul Ball, location: 2F
2-2: Ground out 4-3 (Groundball, 4, EV 77.5 MPH)
Batting: LHB Craig Woods 0-0: Ball
1-0: Ball
2-0: Swinging Strike
2-1: Fly out, F7 (Flyball, 7LSF, EV 86.2 MPH)
Top of the 1st over - 0 runs, 0 hits, 0 errors, 0 left on base; Ft. Worth 0 - Buffalo 0
BOTTOM OF THE 1ST
Buffalo White Walkers batting - Pitching for Ft. Worth Cattlemen : LHP Gustavo Tobías
Pitching: LHP Gustavo Tobías
Batting: LHB Jesús Lazcano 0-0: Called Strike
0-1: Ball
1-1: SINGLE (Groundball, 34D, EV 96.2 MPH)
Batting: RHB Tom Smythe 0-0: Ball
1-0: Called Strike
1-1: 2-RUN HOME RUN (Flyball, 7LD, EV 91.9 MPH), Distance : 333 ft
Batting: SHB Max Bortenschlager 0-0: Foul Ball, location: 2F
0-1: Ball
1-1: Fly out, F3 (Popup, 3F, EV 66.9 MPH)
Batting: SHB Je-myung Yu 0-0: Called Strike
0-1: Called Strike
0-2: Ball
1-2: Foul Ball, location: 2F
1-2: Ball
2-2: Foul Ball, location: 2F
2-2: Ball
3-2: Ground out 2-3 (Groundball, 2L, EV 62.5 MPH)
Batting: LHB Jorge Herrera 0-0: Ball
1-0: Ball
2-0: Called Strike
2-1: Ball
3-1: Base on Balls
Batting: RHB Eddie Sachs 0-0: Called Strike
0-1: Ball
1-1: Ball
2-1: Ball
3-1: Fly out, F7 (Line Drive, 7, EV 88.1 MPH)
Bottom of the 1st over - 2 runs, 2 hits, 0 errors, 1 left on base; Ft. Worth 0 - Buffalo 2
TOP OF THE 2ND
Ft. Worth Cattlemen batting - Pitching for Buffalo White Walkers : RHP Kent Good
Batting: SHB Kolby Hay 0-0: Ball
1-0: Fly out, F8 (Line Drive, 8LM, EV 91.9 MPH)
Batting: RHB Derek Bangert 0-0: Called Strike
0-1: Ball
1-1: Ball
2-1: SOLO HOME RUN (Flyball, 7D, EV 86.9 MPH), Distance : 359 ft
Batting: LHB Count Dante 0-0: Called Strike
0-1: Ball
1-1: SINGLE (Flyball, 9LS, EV 93.1 MPH)
Batting: RHB Tsuneari Hirano 0-0: DOUBLE (Line Drive, 9LM, EV 111.2 MPH)
Count Dante to third
Runner from 3rd tries for Home, SAFE, throw by RF to trailing runner, SAFE at third!
Batting: RHB Min-gook Ch'oe 0-0: Foul Ball, location: 2F
0-1: Ball
1-1: Foul Ball, location: 2F
1-2: Ball
2-2: Ball
3-2: Fly out, F7 (Line Drive, 7, EV 93.1 MPH)
Runner from 3rd tags up, OUT at HOME! 7-2
Top of the 2nd over - 2 runs, 3 hits, 0 errors, 0 left on base; Ft. Worth 2 - Buffalo 2
BOTTOM OF THE 2ND
Buffalo White Walkers batting - Pitching for Ft. Worth Cattlemen : LHP Gustavo Tobías
Batting: RHB José Santos 0-0: Called Strike
0-1: Ball
1-1: Ball
2-1: Called Strike
2-2: Ground out 5-3 (Groundball, 56, EV 108.1 MPH)
Batting: SHB Tom Dickinson 0-0: Ball
1-0: Ball
2-0: Called Strike
2-1: Called Strike
2-2: SINGLE (Groundball, 56D, EV 103.1 MPH)
Batting: RHB Luis Tańón 0-0: Ball
1-0: Swinging Strike
1-1: SINGLE (Line Drive, 8RS, EV 103.1 MPH)
Tom Dickinson to second
Batting: LHB Jesús Lazcano 0-0: Fielders Choice at 2nd, 5-4 (Groundball, 56, EV 92.5 MPH)
Tom Dickinson to third
Batting: RHB Tom Smythe 0-0: Ball
Jesús Lazcano steals 2nd base
1-0: Called Strike
1-1: 3-RUN HOME RUN (Line Drive, 7D, EV 98.1 MPH), Distance : 352 ft
Batting: SHB Max Bortenschlager 0-0: Ground out 6-3 (Groundball, 4MS, EV 71.2 MPH)
Bottom of the 2nd over - 3 runs, 3 hits, 0 errors, 0 left on base; Ft. Worth 2 - Buffalo 5
TOP OF THE 3RD
Ft. Worth Cattlemen batting - Pitching for Buffalo White Walkers : RHP Kent Good
Batting: RHB Lonnie Doble 0-0: Foul Ball, location: 2F
0-1: Swinging Strike
0-2: Strikes out swinging
Batting: RHB Dennis Wacher 0-0: Ball
1-0: Called Strike
1-1: Called Strike
1-2: Foul Ball, location: 2F
1-2: Foul Ball, location: 2F
1-2: Fly out, F8 (Line Drive, 8RM, EV 84.4 MPH)
Batting: LHB Semo Hoaloha 0-0: Ball
1-0: Ball
2-0: Ground out 4-3 (Groundball, 4, EV 106.2 MPH)
Top of the 3rd over - 0 runs, 0 hits, 0 errors, 0 left on base; Ft. Worth 2 - Buffalo 5
BOTTOM OF THE 3RD
Buffalo White Walkers batting - Pitching for Ft. Worth Cattlemen : LHP Gustavo Tobías
Batting: SHB Je-myung Yu 0-0: Ball
1-0: Swinging Strike
1-1: Called Strike
1-2: Ball
2-2: Ball
3-2: Foul Ball, location: 2F
3-2: Strikes out looking
Batting: LHB Jorge Herrera 0-0: Ball
1-0: Ball
2-0: DOUBLE (Line Drive, 7LM, EV 92.5 MPH)
Batting: RHB Eddie Sachs 0-0: Ground out 5-3 (Groundball, 5S, EV 88.1 MPH)
Batting: RHB José Santos 0-0: Called Strike
0-1: Ground out 6-3 (Groundball, 6S, EV 80.6 MPH)
Bottom of the 3rd over - 0 runs, 1 hit, 0 errors, 1 left on base; Ft. Worth 2 - Buffalo 5
TOP OF THE 4TH
Ft. Worth Cattlemen batting - Pitching for Buffalo White Walkers : RHP Kent Good
Batting: LHB Craig Woods 0-0: Ball
1-0: Ground out 5-3 (Groundball, 6, EV 108.1 MPH)
Batting: SHB Kolby Hay 0-0: Ball
1-0: Ball
2-0: Foul Ball, location: 2F
2-1: Fly out, F8 (Flyball, 8RS, EV 88.8 MPH)
Batting: RHB Derek Bangert 0-0: Called Strike
0-1: Foul Ball, location: 2F
0-2: Strikes out swinging
Top of the 4th over - 0 runs, 0 hits, 0 errors, 0 left on base; Ft. Worth 2 - Buffalo 5
BOTTOM OF THE 4TH
Buffalo White Walkers batting - Pitching for Ft. Worth Cattlemen : LHP Gustavo Tobías
Batting: SHB Tom Dickinson 0-0: Swinging Strike
0-1: Foul Ball, location: 2F
0-2: Foul Ball, location: 2F
0-2: Foul Ball, location: 2F
0-2: Ground out 1-3 (Groundball, 13, EV 78.8 MPH)
Batting: RHB Luis Tańón 0-0: SINGLE (Line Drive, 89S, EV 104.4 MPH)
Batting: LHB Jesús Lazcano 0-0: Ball
1-0: Ball
2-0: Ball
3-0: Called Strike
3-1: Base on Balls
Luis Tańón to second
Pitching: RHP David Buchanan
Batting: RHB Tom Smythe 0-0: Called Strike
0-1: Foul Ball, location: 2F
0-2: Ball
1-2: Ball
2-2: Foul Ball, location: 2F
2-2: Ball
3-2: Foul Ball, location: 2F
3-2: Base on Balls
Luis Tańón to third
Jesús Lazcano to second
Batting: SHB Max Bortenschlager 0-0: Swinging Strike
0-1: Ball
1-1: Called Strike
1-2: Strikes out looking
Batting: SHB Je-myung Yu 0-0: Called Strike
0-1: Ball
1-1: Foul Ball, location: 2F
1-2: Ball
2-2: DOUBLE (Line Drive, 3D, EV 98.1 MPH)
Luis Tańón scores
Jesús Lazcano scores
Tom Smythe to third
Runner from 3rd tries for Home, SAFE, no throw by RF
Batting: LHB Jorge Herrera 0-0: Ball
1-0: Ball
2-0: Foul Ball, location: 2F
2-1: Called Strike
2-2: Ball
3-2: Strikes out swinging
Bottom of the 4th over - 3 runs, 2 hits, 0 errors, 1 left on base; Ft. Worth 2 - Buffalo 8
TOP OF THE 5TH
Ft. Worth Cattlemen batting - Pitching for Buffalo White Walkers : RHP Kent Good
Batting: LHB Count Dante 0-0: Ball
1-0: Swinging Strike
1-1: Swinging Strike
1-2: Foul Ball, location: 2F
1-2: Ball
2-2: Ball
3-2: Foul Ball, location: 2F
3-2: Foul Ball, location: 2F
3-2: SINGLE (Line Drive, 7S, EV 91.9 MPH)
Batting: RHB Tsuneari Hirano 0-0: Ball
1-0: Ball
2-0: SINGLE (Line Drive, 6M, EV 99.4 MPH)
Count Dante to second
Batting: RHB Min-gook Ch'oe 0-0: Swinging Strike
0-1: Ball
1-1: Foul Ball, location: 2F
1-2: Foul Ball, location: 2F
1-2: Strikes out swinging
Batting: RHB Lonnie Doble 0-0: Foul Ball, location: 2F
0-1: Swinging Strike
0-2: Foul Ball, location: 2F
0-2: Strikes out looking
Batting: RHB Dennis Wacher 0-0: Swinging Strike
0-1: SINGLE (Groundball, 4D, EV 105.0 MPH)
Count Dante to third
Tsuneari Hirano to second
Runner from 3rd tries for Home, SAFE, no throw by RF
Batting: LHB Semo Hoaloha 0-0: Called Strike
0-1: Foul Ball, location: 2F
0-2: Ball
1-2: Strikes out swinging
Top of the 5th over - 1 run, 3 hits, 0 errors, 2 left on base; Ft. Worth 3 - Buffalo 8
BOTTOM OF THE 5TH
Buffalo White Walkers batting - Pitching for Ft. Worth Cattlemen : RHP David Buchanan
Batting: RHB Eddie Sachs 0-0: DOUBLE (Line Drive, 78M, EV 93.8 MPH)
Pitching: RHP Anthony Ledesma
Batting: RHB José Santos 0-0: Called Strike
0-1: Swinging Strike
0-2: Ball
1-2: Ball
2-2: Strikes out swinging
Batting: SHB Tom Dickinson 0-0: Called Strike
0-1: Ground out 6-3 (Groundball, 6, EV 103.1 MPH)
Batting: RHB Luis Tańón 0-0: Ball
1-0: Foul Ball, location: 2F
1-1: Called Strike
1-2: Ball
2-2: SINGLE (Line Drive, 78S, EV 100.0 MPH)
Eddie Sachs to third
Runner from 3rd tries for Home, SAFE, throw by LF to home
Batting: LHB Jesús Lazcano 0-0: Called Strike
0-1: Foul Ball, location: 2F
0-2: Ball
1-2: Foul Ball, location: 2F
1-2: Ball
2-2: Foul Ball, location: 2F
2-2: Foul Ball, location: 2F
2-2: Foul Ball, location: 2F
2-2: SINGLE (Groundball, 2L, EV 63.1 MPH) (infield hit)
Luis Tańón to second
Batting: RHB Tom Smythe 0-0: Ball
1-0: Swinging Strike
1-1: Ball
2-1: Ball
3-1: Base on Balls
Luis Tańón to third
Jesús Lazcano to second
Batting: SHB Max Bortenschlager 0-0: Ball
1-0: Called Strike
1-1: DOUBLE (Flyball, 8RXD, EV 115.0 MPH)
Luis Tańón scores
Jesús Lazcano scores
Tom Smythe to third
Pitching: RHP Dragutin Petrovic
Batting: SHB Je-myung Yu 0-0: Foul Ball, location: 2F
0-1: Ground out 1-3 (Groundball, 23, EV 85.6 MPH)
Bottom of the 5th over - 3 runs, 4 hits, 0 errors, 2 left on base; Ft. Worth 3 - Buffalo 11
TOP OF THE 6TH
Ft. Worth Cattlemen batting - Pitching for Buffalo White Walkers : RHP Kent Good
Batting: LHB Craig Woods 0-0: Called Strike
0-1: Called Strike
0-2: Ball
1-2: Strikes out swinging
Pitching: RHP Brewster Warble
Batting: SHB Kolby Hay 0-0: Ball
1-0: Swinging Strike
1-1: Foul Ball, location: 2F
1-2: Foul Ball, location: 2F
1-2: Ball
2-2: Ball
3-2: Foul Ball, location: 2F
3-2: Ground out 5-3 (Groundball, 56S, EV 88.8 MPH)
Batting: RHB Derek Bangert 0-0: SINGLE (Groundball, 56D, EV 103.1 MPH)
Batting: LHB Count Dante 0-0: Called Strike
0-1: Foul Ball, location: 2F
0-2: Strikes out swinging
Top of the 6th over - 0 runs, 1 hit, 0 errors, 1 left on base; Ft. Worth 3 - Buffalo 11
BOTTOM OF THE 6TH
Buffalo White Walkers batting - Pitching for Ft. Worth Cattlemen : RHP Dragutin Petrovic
Batting: LHB Jorge Herrera 0-0: Called Strike
0-1: Ball
1-1: Called Strike
1-2: Foul Ball, location: 2F
1-2: Foul Ball, location: 2F
1-2: Ball
2-2: Ball
3-2: Base on Balls
Batting: RHB Eddie Sachs 0-0: Ball
1-0: Ball
2-0: Called Strike
2-1: Foul Ball, location: 2F
2-2: Ball
3-2: Foul Ball, location: 2F
3-2: Foul Ball, location: 2F
3-2: Foul Ball, location: 2F
3-2: SINGLE (Groundball, 6D, EV 97.5 MPH)
Jorge Herrera to second
Jorge Herrera to third
Batting: RHB José Santos 0-0: Fielders Choice at 2nd, 1-6 (Groundball, 34S, EV 82.5 MPH)
Batting: SHB Tom Dickinson 0-0: Ball
1-0: Ball
2-0: Ball
3-0: Base on Balls
José Santos to second
Batting: RHB Luis Tańón 0-0: Ball
1-0: Foul Ball, location: 2F
1-1: Foul Ball, location: 2F
1-2: Foul Ball, location: 2F
1-2: Strikes out swinging
Batting: LHB Jesús Lazcano 0-0: Called Strike
0-1: Called Strike
0-2: Strikes out swinging
Bottom of the 6th over - 0 runs, 1 hit, 0 errors, 3 left on base; Ft. Worth 3 - Buffalo 11
TOP OF THE 7TH
Ft. Worth Cattlemen batting - Pitching for Buffalo White Walkers : RHP Brewster Warble
Batting: RHB Tsuneari Hirano 0-0: Foul Ball, location: 2F
0-1: Ball
1-1: DOUBLE (Groundball, 5L, EV 105.6 MPH)
Batting: RHB Min-gook Ch'oe 0-0: Swinging Strike
0-1: Ball
1-1: Ground out 6-3 (Groundball, 6, EV 80.6 MPH)
Batting: RHB Lonnie Doble 0-0: Called Strike
0-1: Ball
1-1: Ground out 5-3 (Groundball, 5L, EV 83.1 MPH)
Batting: RHB Dennis Wacher 0-0: Foul Ball, location: 2F
0-1: Fly out, F6 (Line Drive, 6, EV 65.6 MPH)
Top of the 7th over - 0 runs, 1 hit, 0 errors, 1 left on base; Ft. Worth 3 - Buffalo 11
BOTTOM OF THE 7TH
Buffalo White Walkers batting - Pitching for Ft. Worth Cattlemen : RHP Dragutin Petrovic
Batting: RHB Tom Smythe 0-0: Ball
1-0: Ball
2-0: Ball
3-0: Called Strike
3-1: Called Strike
3-2: Foul Ball, location: 2F
3-2: Ground out 5-3 (Groundball, 5, EV 81.9 MPH)
Batting: SHB Max Bortenschlager 0-0: Ground out 6-3 (Groundball, 6M, EV 105.0 MPH)
Batting: SHB Je-myung Yu 0-0: Called Strike
0-1: Ball
1-1: Ball
2-1: Foul Ball, location: 2F
2-2: Ball
3-2: SINGLE (Line Drive, 4D, EV 103.1 MPH)
Batting: LHB Jorge Herrera 0-0: Called Strike
0-1: Swinging Strike
0-2: Ball
1-2: 2-RUN HOME RUN (Flyball, 9LD, EV 91.2 MPH), Distance : 330 ft
Batting: RHB Eddie Sachs 0-0: Called Strike
0-1: Ball
1-1: Foul Ball, location: 2F
1-2: Foul Ball, location: 2F
1-2: Ball
2-2: SINGLE (Line Drive, 6D, EV 103.8 MPH)
Pitching: RHP Hiroaki Kouda
Batting: RHB José Santos 0-0: Fly out, F3 (Popup, 34, EV 65.6 MPH)
Bottom of the 7th over - 2 runs, 3 hits, 0 errors, 1 left on base; Ft. Worth 3 - Buffalo 13
TOP OF THE 8TH
Ft. Worth Cattlemen batting - Pitching for Buffalo White Walkers : RHP Brewster Warble
Batting: LHB Semo Hoaloha 0-0: Called Strike
0-1: Ball
1-1: Foul Ball, location: 2F
1-2: Ball
2-2: Foul Ball, location: 2F
2-2: Foul Ball, location: 2F
2-2: Ball
3-2: Ground out 4-3 (Groundball, 34, EV 108.1 MPH)
Batting: LHB Craig Woods 0-0: Called Strike
0-1: Ball
1-1: Ball
2-1: Ball
3-1: Base on Balls
Batting: SHB Kolby Hay 0-0: Called Strike
0-1: Ball
1-1: Swinging Strike
1-2: Foul Ball, location: 2F
1-2: Foul Ball, location: 2F
1-2: Strikes out swinging
Batting: RHB Derek Bangert 0-0: Foul Ball, location: 2F
0-1: SINGLE (Groundball, 4D, EV 104.4 MPH)
Craig Woods to second
Batting: LHB Count Dante 0-0: Swinging Strike
0-1: Swinging Strike
0-2: Ball
1-2: Strikes out swinging
Top of the 8th over - 0 runs, 1 hit, 0 errors, 2 left on base; Ft. Worth 3 - Buffalo 13
BOTTOM OF THE 8TH
Buffalo White Walkers batting - Pitching for Ft. Worth Cattlemen : RHP Hiroaki Kouda
Batting: SHB Tom Dickinson 0-0: Called Strike
0-1: Foul Ball, location: 2F
0-2: Ball
1-2: Ball
2-2: SINGLE (Line Drive, 8LS, EV 102.5 MPH)
Batting: RHB Luis Tańón 0-0: Ball
1-0: Called Strike
1-1: SINGLE (Line Drive, 78S, EV 100.6 MPH)
Tom Dickinson to second
Batting: LHB Jesús Lazcano 0-0: Ball
1-0: Swinging Strike
1-1: SINGLE (Line Drive, 3D, EV 100.0 MPH)
Tom Dickinson to third
Luis Tańón to second
Batting: RHB Tom Smythe 0-0: Ball
Wild Pitch!
Tom Dickinson scores
Luis Tańón to third
Jesús Lazcano to second
1-0: Fly out, F9 (Flyball, 9, EV 88.1 MPH)
Runner from 3rd tags up, OUT at HOME! 9-2
Jesús Lazcano to third
Batting: SHB Max Bortenschlager 0-0: Called Strike
0-1: Ball
1-1: SINGLE (Line Drive, 9S, EV 95.6 MPH)
Jesús Lazcano scores
Batting: SHB Je-myung Yu 0-0: Ball
1-0: Fly out, F8 (Line Drive, 8RD, EV 93.1 MPH)
Bottom of the 8th over - 2 runs, 4 hits, 0 errors, 1 left on base; Ft. Worth 3 - Buffalo 15
TOP OF THE 9TH
Ft. Worth Cattlemen batting - Pitching for Buffalo White Walkers : RHP Brewster Warble
Pitching: RHP Woodward Haberdash
Batting: RHB Tsuneari Hirano 0-0: Called Strike
0-1: Ball
1-1: Foul Ball, location: 2F
1-2: Foul Ball, location: 2F
1-2: Strikes out looking
Batting: RHB Min-gook Ch'oe 0-0: Ball
1-0: Foul Ball, location: 2F
1-1: Ball
2-1: Foul Ball, location: 2F
2-2: Strikes out looking
Batting: RHB Lonnie Doble 0-0: Ball
1-0: Swinging Strike
1-1: Ball
2-1: Swinging Strike
2-2: Foul Ball, location: 2F
2-2: Foul Ball, location: 2F
2-2: Strikes out swinging
Top of the 9th over - 0 runs, 0 hits, 0 errors, 0 left on base; Ft. Worth 3 - Buffalo 15
Tuesday, January 5th, 2021 - OOTP Baseball 20.8 Build 74